Map: Acid Plant LE

Players

Stropheum - Winner!

  • Race: Zerg Zerg
  • League: Diamond
  • Spawn Location: 5:00

PSI

  • Race: Protoss Protoss
  • League: Diamond
  • Spawn Location: 11:00

VOD

Have the link to the VOD?

Description

Time

  • Played on: Aug. 25, 2018, 2:57 a.m.
  • Length: 8:28
Show
View Real Time Build Order
Export as new Build Order

Stropheum Zerg - Winner!

Build Orders: Hatch First 

Get SALT Encoding   

  12  0:00  Drone  
  13  0:12  Overlord  
  13  0:17  Drone  
  14  0:30  Drone x2  
  16  0:49  Hatchery  
  15  0:52  Drone  
  15  0:56  Drone  
  17  1:00  Drone  
  18  1:10  Extractor  
  17  1:15  Spawning Pool  
  16  1:18  Drone  
  16  1:21  Drone  
  18  1:28  Drone  
  19  1:38  Drone  
  20  1:49  Overlord  
  21  2:01  Hatchery  
  21  2:08  Hatchery, Zergling x2  
  21  2:12  Queen  
  22  2:20  Zergling x2  
  22  2:22  Metabolic Boost  
  23  2:32  Zergling x2  
  23  2:36  Zergling x2  
  24  2:43  Overlord  
  24  2:48  Queen  
  26  2:55  Zergling x2  
  27  3:04  Zergling x2  
  29  3:15  Zergling x2  
  31  3:23  Queen  
  31  3:24  Hatchery  
  32  3:29  Overlord  
  32  3:32  Hatchery  
  31  3:39  Zergling x2  
  32  4:00  Zergling x8  
  31  4:19  Drone  
  31  4:20  Evolution Chamber  
  31  4:25  Drone x2  
  32  5:01  Drone  
  32  5:02  Drone x8  
  39  5:08  Hatchery  
  39  5:11  Overlord  
  39  5:12  Drone  
  39  5:17  Zerg Melee Weapons Level 1  
  39  5:18  Baneling Nest  
  38  5:31  Zergling x10  
  38  5:32  Zergling x6  
  46  5:38  Overlord x2  
  46  5:39  Zergling x2  
  47  5:46  Queen  
  47  5:47  Queen  
  51  5:50  Queen  
  51  5:52  Zergling x2  
  51  5:53  Zergling x4  
  56  5:59  Overlord x2  
  56  6:03  Overlord  
  56  6:23  Zergling x8  
  56  6:24  Zergling x8  
  62  6:40  Lair  
  62  6:41  Zergling x14  
  69  6:51  Zergling x8  
  73  6:59  Zergling x6  
  76  7:02  Baneling x7  
  68  7:16  Zergling x28  
  79  7:27  Zergling x8  
  79  7:41  Baneling  
  79  7:42  Baneling x4  
  73  7:51  Zergling x2  
  73  7:52  Zergling x16  
  73  7:55  Spore Crawler  
  68  8:06  Spore Crawler  
  62  8:23  Spine Crawler  
  62  8:25  Spine Crawler  
Show
View Real Time Build Order
Export as new Build Order

PSI Protoss 

Build Orders: Cannon Rush 

Get SALT Encoding   

  12  0:01  Probe  
  13  0:13  Probe  
  14  0:25  Probe  
  14  0:26  Pylon  
  15  0:43  Probe  
  16  0:51  Probe  
  17  0:59  Forge, Probe  
  18  1:04  Pylon  
  18  1:11  Probe  
  19  1:32  Photon Cannon  
  19  1:34  Photon Cannon  
  19  1:37  Photon Cannon  
  19  1:39  Photon Cannon  
  19  2:04  Pylon  
  19  2:06  Nexus  
  19  2:10  Gateway  
  19  2:12  Probe  
  19  2:19  Assimilator  
  19  2:20  Probe  
  20  2:23  Assimilator  
  21  2:31  Photon Cannon  
  21  2:39  Pylon  
  21  2:44  Pylon  
  21  2:46  Probe  
  23  3:08  Cybernetics Core  
  23  3:09  Photon Cannon  
  22  3:26  Probe  
  23  3:27  Probe  
  23  3:33  Gateway  
  24  3:38  Probe  
  24  3:39  Probe  
  26  3:47  Robotics Facility  
  26  3:56  Sentry  
  26  4:00  Probe  
  26  4:01  Probe  
  30  4:17  Photon Cannon  
  30  4:22  Warp Gate  
  30  4:25  Probe x2, Immortal  
  30  4:30  Stalker  
  38  4:50  Adept  
  39  4:55  Twilight Council  
  39  4:59  Pylon  
  38  5:02  Probe  
  38  5:03  Zealot  
  38  5:06  Probe  
  42  5:09  Immortal  
  42  5:10  Probe  
  42  5:18  Probe  
  48  5:22  Charge, Probe  
  48  5:28  Protoss Ground Weapons Level 1  
  49  5:32  Gateway  
  49  5:43  Zealot  
  49  5:45  Stalker  
  53  5:51  Gateway  
  53  5:53  Probe  
  54  6:02  Pylon  
  54  6:11  Pylon  
  54  6:20  Probe  
  54  6:23  Pylon  
  55  6:27  Warp Prism  
  55  6:29  Zealot  
  55  6:30  Zealot x2  
  63  6:39  Probe x2  
  65  6:42  Photon Cannon  
  65  6:50  Gateway x2  
  65  6:51  Probe  
  65  6:53  Probe  
  67  7:06  Adept x3  
  73  7:12  Pylon  
  73  7:20  Zealot  
  69  7:29  Zealot  
  68  7:30  Zealot  
  68  7:34  Pylon  
  68  7:35  Pylon  
  55  7:37  Pylon  
  54  7:45  Zealot  
  54  7:51  Zealot  
  44  8:07  Zealot x2  
Tags
 
Add a new tag
Caveats
  • Supply blocks, unpowered buildings, or Contaminate may cause inaccurate times.
  • Supply counts are checked every 10 seconds.